 Dungeon Crawl Stone Soup version 0.20.0-15-g7f486f2 (webtiles) character file.

39 Reinor the Ducker (level 3, 16/16 HPs)
             Began as a Spriggan Earth Elementalist on June 19, 2017.
             Quit the game on level 2 of the Dungeon.
             The game lasted 00:06:13 (2678 turns).

Reinor the Ducker (Spriggan Earth Elementalist)     Turns: 2678, Time: 00:06:14

Health: 16/16      AC:  2    Str:  4    XL:     3   Next: 28%
Magic:  8/8        EV: 19    Int: 17    God:
Gold:   64         SH:  0    Dex: 16    Spells: 2/8 levels left

rFire    . . .     SeeInvis +   h - -2 dagger (curse)
rCold    . . .     Gourm    .   (shield restricted)
rNeg     . . .     Faith    .   c - +0 robe
rPois    .         Spirit   .   (helmet restricted)
rElec    .         Reflect  .   (no cloak)
rCorr    .         Harm     .   (gloves unavailable)
MR       .....                  (boots unavailable)
Stlth    ++........             (no amulet)
Regen    0.1/turn               (no ring)
MPRegen  0.2/turn               (no ring)

@: very quick
A: unfitting armour, see invisible, herbivore 3, speed 3, slow metabolism 2
a: no special abilities


You were on level 2 of the Dungeon.
You were not hungry.

You visited 1 branch of the dungeon, and saw 2 of its levels.

You collected 64 gold pieces.

Inventory:

Hand Weapons
 h - a cursed -2 dagger (weapon)
Missiles
 b - 35 stones (quivered)
Armour
 c - a +0 robe (worn)
Scrolls
 f - 3 scrolls of teleportation {unknown}
 g - a scroll of random uselessness {unknown}
 j - a scroll of blinking {unknown}
 k - a scroll of amnesia {unknown}
Potions
 a - 2 potions of flight {unknown}
 i - a potion of curing {unknown}
Books
 e - a book of Geomancy

   Spells                             Type                      Level
   a - Sandblast                      Earth                        1
   b - Passwall                       Transmutation/Earth          2
   c - Stone Arrow                    Conjuration/Earth            3
   d - Petrify                        Transmutation/Earth          4
   e - Lee's Rapid Deconstruction     Earth                        5
Comestibles
 d - 5 bread rations


   Skills:
 + Level 0.1 Fighting
 + Level 0.7 Short Blades
 + Level 3.5 Dodging
 + Level 3.1 Stealth
 + Level 0.1 Unarmed Combat
 + Level 3.2 Spellcasting
 + Level 1.3 Transmutations
 + Level 3.2 Earth Magic


You had 2 spell levels left.
You knew the following spells:

 Your Spells              Type           Power        Failure   Level  Hunger
a - Sandblast             Erth           ##....       4%          1    None
b - Passwall              Tmut/Erth      ##........   10%         2    ##.....
c - Stone Arrow           Conj/Erth      #.....       26%         3    ###....


Dungeon Overview and Level Annotations

Branches:
Dungeon (2/15)

Altars:


Innate Abilities, Weirdness & Mutations

You are very small and have problems with some larger weapons.
You are too small for most types of armour.
You have supernaturally acute eyesight. (SInv)
You are a herbivore.
You cover ground extremely quickly.
You need consume almost no food.


Message History

You hit the hobgoblin but do no damage.
The hobgoblin is severely wounded.
You closely miss the hobgoblin.
The hobgoblin is severely wounded.
The hobgoblin hits you.
* * * LOW HITPOINT WARNING * * *
You hit the hobgoblin.
You kill the hobgoblin!
You start resting.
Magic restored.
You start resting.
HP restored.
You open the door.
There is an open door here.
You close the door.
Found 2 throwing nets.
Found a ring mail.
You see here 2 throwing nets.
You see here 2 throwing nets.
Are you sure you want to abandon this character and quit the game? (Confirm with "yes".)

#.# #.... ...... .. #.#.##[#....#
.#####+# #.#.........#
..........#............
..................#...
............#(......#
............##...##.# ..#
............##......# #.
..........#####.@#### #.
.......÷..#####..# #.
..........+......# #.#
..........######.# #..
≈.........# #.##############..
♣.........# #.##...........#..
≈.........######.####.#######.#..
.#####..........>÷....#....##.##.
.######################.##.##....


There were no monsters in sight!

Vanquished Creatures
  A worm (D:2)
  3 dart slugs
  2 giant cockroaches (D:1)
  5 hobgoblins
  4 bats
  2 frilled lizards (D:1)
  4 goblins
  6 kobolds
  5 rats
32 creatures vanquished.

Notes
Turn   | Place    | Note
-------+----------+-------------------------------------------
     0 | D:1      | Reinor the Spriggan Earth Elementalist began the quest for the Orb.
     0 | D:1      | Reached XP level 1. HP: 9/9 MP: 5/5
   471 | D:1      | Reached XP level 2. HP: 8/13 MP: 4/6
   594 | D:1      | Learned a level 2 spell: Passwall
  1817 | D:2      | Reached XP level 3. HP: 16/16 MP: 6/8
  1829 | D:2      | Learned a level 3 spell: Stone Arrow
  2678 | D:2      | Quit the game

Skill      XL: |  1  2 |
---------------+-------+-----
Earth Magic    | 3 |  3.2
Spellcasting   | 3 |  3.2
Fighting       | |  0.1
Short Blades   | |  0.7
Dodging        | |  3.5
Stealth        | |  3.1
Unarmed Combat | |  0.1
Transmutations | |  1.3

Action                   || total
-------------------------++-------
Melee: Unarmed           ||    42
       Dagger            ||   140
 Cast: Sandblast         ||    25
       Passwall          ||     1
 Stab: Sleeping          ||     5
Armor: Robe              ||     9
Dodge: Dodged            ||   160
